 Dungeon Crawl Stone Soup version 0.30-a0-953-g5f1da4a474 (webtiles) character file.

Game seed: 15419018501493984111

7432 gaff the Fighter (level 11, 0/136 HPs)
             Began as a Gnoll Cinder Acolyte on Mar 28, 2023.
             Was a Follower of Makhleb.
             Slain by a fire elemental (7 damage)
             ... created by the fiery vengeance of Ignis
             ... on level 9 of the Dungeon.
             The game lasted 00:55:37 (10875 turns).

gaff the Fighter (Gnoll Cinder Acolyte)            Turns: 10875, Time: 00:55:38

Health: 0/136      AC: 25    Str: 11    XL:     11   Next: 15%
Magic:  30/30      EV:  2    Int: 18    God:    Makhleb [*.....]
Gold:   431        SH:  0    Dex:  8    Spells: 8/23 levels left

rFire   . . .      SeeInvis .    O - +2 spear (pain)
rCold   . . .      Faith    .    (no shield)
rNeg    . . .      Spirit   .    P - melded +0 acid dragon scales
rPois   +          Reflect  .    G - melded +0 helmet
rElec   .          Rampage  .    M - melded +0 cloak
rCorr   .          NoTele   +    m - melded +1 pair of gloves
Will    .....      Rage     3%   W - melded +2 pair of boots of Xienaoc {SInv}
Stlth   +++                      n - amulet of regeneration
HPRegen 1.22/turn                k - ring of wizardry
MPRegen 0.22/turn                c - ring of magical power

@: tree-form, on berserk cooldown, attractive, slowed, studying Fighting, fire
susceptible, very slow
A: stationary, stasis, torment immunity, boosted hp, (fangs 1), strong nose,
distributed training, berserk 1, weak 1, subdued magic 1
a: Renounce Religion


You were on level 9 of the Dungeon.
You worshipped Makhleb.
Makhleb was aware of your devotion.
You were a tree.
You visited 2 branches of the dungeon, and saw 12 of its levels.

You collected 431 gold pieces.

Inventory:

Hand Weapons
 a - a -1 short sword of flaming
 b - a +1 halberd of flaming
 L - a +2 quarterstaff of chaos
 O - a +2 spear of pain (weapon)
 T - a +3 spear of flaming
 V - a +3 falchion
 Z - a +0 shortbow
Missiles
 s - 75 stones
 E - 5 boomerangs
 R - 4 silver boomerangs
 U - 3 poisoned darts
Armour
 e - a +0 leather armour
 m - a +1 pair of gloves (melded)
 o - the +0 chain mail of Yhurchea {rC+ Will+ Regen+}
   (You found it on level 2 of the Dungeon)

   rC:        It protects you from cold.
   Regen:     It increases your rate of health regeneration.
   Will:      It increases your willpower.
 G - a +0 helmet (melded)
 H - a +1 scale mail of willpower
 I - a +3 ring mail
 M - a +0 cloak (melded)
 P - +0 acid dragon scales (melded)
 W - the +2 pair of boots of Xienaoc (melded) {SInv}
   (You acquired it on level 9 of the Dungeon)

   SInv:      It lets you see invisible.
 Y - a +0 pair of gloves
Jewellery
 c - a ring of magical power (right branch)
 k - a ring of wizardry (left branch)
 n - an amulet of regeneration (around neck)
 v - a ring of positive energy
 Q - a +5 ring of evasion
Wands
 u - a wand of charming (4)
 B - a wand of flame (31)
 X - a wand of quicksilver (4)
Scrolls
 f - a scroll of fog {unknown}
 j - a scroll of fear {unknown}
 l - 2 scrolls of noise
 p - 4 scrolls of teleportation
 q - a scroll of amnesia
 t - a scroll of blinking
 w - 3 scrolls of poison
 y - 3 scrolls of vulnerability
 F - 2 scrolls of acquirement
 J - a scroll of silence
 K - a scroll of summoning {unknown}
 S - a scroll of enchant armour
Potions
 d - 3 potions of mutation
 g - a potion of magic {unknown}
 h - 5 potions of attraction
 i - a potion of heal wounds {unknown}
 r - a potion of haste
 x - 2 potions of degeneration {unknown}
 z - a potion of cancellation {unknown}
 A - a potion of curing
 C - a potion of brilliance
 D - 2 potions of lignification
 N - 2 potions of might {unknown}


   Skills:
 + Level 10.2 Fighting
 + Level 9.1 Short Blades
 + Level 6.2 Long Blades
 + Level 6.2 Axes
 + Level 6.2 Maces & Flails
 + Level 6.2 Polearms
 + Level 6.2 Staves
 + Level 6.2 Ranged Weapons
 + Level 6.2 Throwing
 + Level 6.2 Armour
 + Level 6.2 Dodging
 + Level 6.2 Stealth
 + Level 6.2 Shields
 + Level 6.2 Unarmed Combat
 + Level 6.9 Spellcasting
 + Level 5.1 Conjurations
 + Level 5.1 Hexes
 + Level 5.1 Summonings
 + Level 5.1 Necromancy
 + Level 5.1 Translocations
 + Level 5.1 Transmutations
 + Level 7.6 Fire Magic
 + Level 5.1 Ice Magic
 + Level 5.1 Air Magic
 + Level 5.1 Earth Magic
 + Level 5.1 Poison Magic
 + Level 6.8 Invocations
 + Level 6.2 Evocations


You had 8 spell levels left.
You knew the following spells:

 Your Spells              Type           Power      Damage    Failure   Level
a - Scorch                Fire           50%        2d7       1%          2
b - Teleport Other        Tloc           19%        N/A       1%          3
c - Gell's Gravitas       Tloc           19%        N/A       1%          3
d - Static Discharge      Conj/Air       38%        2-4/arc   1%          2
e - Plasma Beam           Fire/Air       11%        2x1d16    8%          5

Your spell library contained the following spells:

 Spells                   Type           Power      Damage    Failure   Level
 Lesser Beckoning         Tloc           38%        N/A       1%          2
 Vhi's Electric Charge    Tloc/Air       38%        N/A       1%          3
 Arcjolt                  Conj/Air       9%         1d19      12%         5


Dungeon Overview and Level Annotations

Branches:
Dungeon (11/15)            Temple (1/1) D:6            Lair (0/5) D:10
    Orc: D:9-12

Altars:
Ashenzari
Cheibriados
Dithmenos
Elyvilon
Fedhas
Gozag
Hepliaklqana
Kikubaaqudgha
Makhleb
Nemelex Xobeh
Okawaru
Sif Muna
Trog
Uskayaw
Vehumet
Wu Jian
Xom
Yredelemnul
Zin
The Shining One

Shops:
D:5 :   D:7 *


Innate Abilities, Weirdness & Mutations

You are a tree.
Your roots penetrate the ground, keeping you stationary.
You cannot be teleported.
You are immune to unholy pain and torment.
Your maximum health is greatly increased.
Your equipment is partially melded.
((You have very sharp teeth.))
Your uncanny sense of smell can sniff out nearby items.
Your experience applies equally to all skills.
You sometimes lose your temper in combat.
You are weak. (Str -2)
Your spells are a little easier to cast, but a little less powerful.


Message History

The killer bee stings you.
* * * LOW HITPOINT WARNING * * *
The fire elemental hits you. x2
The killer bee stings you but does no damage.
The fire elemental hits you. The fire elemental burns you!
* * * LOW HITPOINT WARNING * * *
The fire elemental hits you. The fire elemental burns you!
* * * LOW HITPOINT WARNING * * *
You cannot move. (Use ctrl+direction or * direction to attack while stationary and confused.)
You cannot move. (Use ctrl+direction or * direction to attack while stationary and confused.)
You cannot move. (Use ctrl+direction or * direction to attack while stationary and confused.)
You cannot move. (Use ctrl+direction or * direction to attack while stationary and confused.)
You attack the rock wall.
You feel less confused.
The killer bee stings you but does no damage.
The fire elemental hits you. The fire elemental burns you!
* * * LOW HITPOINT WARNING * * *
The killer bee barely misses you. The fire elemental hits you.
The fire elemental burns you!
* * * LOW HITPOINT WARNING * * *
You hit the fire elemental.
The fire elemental is lightly damaged.
The killer bee stings you but does no damage.
The fire elemental hits you. The fire elemental burns you!
* * * LOW HITPOINT WARNING * * *
The fire elemental hits you.
* * * LOW HITPOINT WARNING * * *
The fire elemental burns you!
* * * LOW HITPOINT WARNING * * *
The killer bee stings you but does no damage.
The fire elemental hits you. The fire elemental burns you!
* * * LOW HITPOINT WARNING * * *
The fire elemental hits you. The fire elemental burns you!
* * * LOW HITPOINT WARNING * * *
The killer bee stings you but does no damage.
You puncture the fire elemental!
The fire elemental is moderately damaged.
The killer bee stings you but does no damage.
The fire elemental hits you. The fire elemental burns you!
You die...

#....+.........####..........#
######.........# #..........#
####+###### #########+## #...
##.###### #+# ####.......#
...† #..........# ∆††!..
###.##.......########.!...!
....##.......##E♣yyyyy!!.!.
.#####........EE#####...... #
#.......#### ..!.. ###.#####
###+ #.# #.# # #.### ### #...#
'.## #####.####


You could see 3 fire elementals and 5 killer bees.

Vanquished Creatures
  Pikel (D:4)
  Maggie (D:7)
  Prince Ribbit (D:5)
  A hornet (D:4)
  4 yaks (D:8)
  2 fire elementals (D:9)
  A wraith (D:6)
  4 vampire mosquitoes
  3 water moccasins
  Duvessa (D:7)
  4 ice beasts
  An orc warrior (D:7)
  2 sky beasts (D:6)
  4 black bears
  7 centaurs
  An ogre (D:6)
  2 phantoms (D:6)
  2 lemures
  A bullfrog (D:8)
  A scorpion (D:6)
  2 gnoll sergeants
  Dowan (D:7)
  3 wights (D:8)
  19 killer bees (D:9)
  5 howler monkeys
  Crazy Yiuf (D:4)
  4 jellies
  8 orc priests
  A gnoll bouda (D:6)
  11 hounds
  2 sleepcaps
  Jessica (D:2)
  2 iguanas (D:6)
  9 orc wizards
  7 adders
  15 gnolls
  2 white imps (D:5)
  5 ufetubi
  2 worms
  16 orcs
  5 ball pythons
  3 endoplasms
  A giant cockroach (D:1)
  10 goblins
  10 hobgoblins
  4 jackals
  9 kobolds
  4 quokkas
  3 bats
  6 frilled lizards
  6 rats
221 creatures vanquished.

Vanquished Creatures (others)
  A demonic plant (D:5)
  54 foxfires
  4 fungi (D:4)
  22 plants (D:4)
81 creatures vanquished.

Grand Total: 302 creatures vanquished

Notes
Turn   | Place    | Note
-------+----------+-------------------------------------------
     0 | D:1      | gaff the Gnoll Cinder Acolyte began the quest for the Orb.
     0 | D:1      | Reached XP level 1. HP: 23/23 MP: 4/4
   117 | D:1      | Reached XP level 2. HP: 26/29 MP: 5/5
   427 | D:1      | Learned a level 2 spell: Scorch
   775 | D:1      | Reached XP level 3. HP: 35/35 MP: 1/7
  1191 | D:2      | Identified the +0 chain mail of Yhurchea {rC+ Will+ Regen+}
  1294 | D:2      | Noticed Jessica
  1297 | D:2      | Killed Jessica
  1298 | D:2      | Reached skill level 1 in Long Blades
  1298 | D:2      | Reached skill level 1 in Axes
  1298 | D:2      | Reached skill level 1 in Maces & Flails
  1298 | D:2      | Reached skill level 1 in Polearms
  1298 | D:2      | Reached skill level 1 in Staves
  1298 | D:2      | Reached skill level 1 in Ranged Weapons
  1298 | D:2      | Reached skill level 1 in Throwing
  1298 | D:2      | Reached skill level 1 in Armour
  1298 | D:2      | Reached skill level 1 in Dodging
  1298 | D:2      | Reached skill level 1 in Stealth
  1298 | D:2      | Reached skill level 1 in Shields
  1298 | D:2      | Reached skill level 1 in Unarmed Combat
  1298 | D:2      | Reached skill level 1 in Invocations
  1298 | D:2      | Reached skill level 1 in Evocations
  1303 | D:2      | Reached XP level 4. HP: 41/41 MP: 0/8
  1948 | D:2      | Reached skill level 1 in Conjurations
  1948 | D:2      | Reached skill level 1 in Hexes
  1948 | D:2      | Reached skill level 1 in Summonings
  1948 | D:2      | Reached skill level 1 in Necromancy
  1948 | D:2      | Reached skill level 1 in Translocations
  1948 | D:2      | Reached skill level 1 in Transmutations
  1948 | D:2      | Reached skill level 1 in Ice Magic
  1948 | D:2      | Reached skill level 1 in Air Magic
  1948 | D:2      | Reached skill level 1 in Earth Magic
  1948 | D:2      | Reached skill level 1 in Poison Magic
  3013 | D:4      | Noticed a lemure
  3235 | D:4      | Noticed a lemure
  3235 | D:4      | Noticed a lemure
  3235 | D:4      | Noticed a lemure
  3235 | D:4      | Noticed Pikel
  3245 | D:3      | Killed a lemure
  3380 | D:4      | Reached XP level 5. HP: 34/47 MP: 4/9
  3498 | D:4      | Found a basalt altar of Yredelemnul.
  3558 | D:4      | Found an iron altar of Okawaru.
  3563 | D:4      | Found a hide-covered altar of Uskayaw.
  3603 | D:5      | Entered Level 5 of the Dungeon
  3603 | D:5      | Noticed a centaur
  3610 | D:5      | Killed a centaur
  3611 | D:5      | Reached XP level 6. HP: 44/53 MP: 3/11
  3633 | D:5      | Gained mutation: You sometimes lose your temper in combat.
                  | [potion of mutation]
  3633 | D:5      | Gained mutation: You are weak. (Str -2) [potion of
                  | mutation]
  3633 | D:5      | Gained mutation: Your spells are a little easier to cast,
                  | but a little less powerful. [potion of mutation]
  3938 | D:5      | Noticed Prince Ribbit
  3949 | D:5      | Killed Prince Ribbit
  3950 | D:5      | Reached skill level 7 in Fighting
  3950 | D:5      | Reached XP level 7. HP: 60/60 MP: 3/12
  4498 | D:5      | Learned a level 3 spell: Teleport Other
  4775 | D:5      | Found Dour's Book Shop.
  5078 | D:6      | Reached XP level 8. HP: 51/67 MP: 5/14
  5557 | D:6      | Learned a level 3 spell: Gell's Gravitas
  5613 | D:6      | Noticed a wraith
  5938 | D:4      | Noticed a hornet
  5973 | D:4      | Paralysed by a hornet for 1 turns
  5974 | D:4      | Killed a hornet
  5975 | D:4      | Reached skill level 5 in Spellcasting
  5975 | D:4      | Reached XP level 9. HP: 16/73 MP: 2/16
  6192 | D:4      | Killed Pikel
  6568 | D:4      | Found a runed translucent door.
  6569 | D:4      | Noticed Crazy Yiuf
  6587 | D:4      | Killed Crazy Yiuf
  6588 | D:4      | Reached skill level 8 in Fighting
  6837 | D:6      | Reached skill level 5 in Invocations
  6959 | D:6      | Found a staircase to the Ecumenical Temple.
  6974 | Temple   | Entered the Ecumenical Temple
  7381 | D:7      | Noticed Maggie
  7524 | D:6      | Learned a level 2 spell: Static Discharge
  7530 | D:7      | Noticed Duvessa
  7758 | D:6      | Reached skill level 5 in Long Blades
  7758 | D:6      | Reached skill level 5 in Axes
  7758 | D:6      | Reached skill level 5 in Maces & Flails
  7758 | D:6      | Reached skill level 5 in Polearms
  7758 | D:6      | Reached skill level 5 in Staves
  7758 | D:6      | Reached skill level 5 in Ranged Weapons
  7758 | D:6      | Reached skill level 5 in Throwing
  7758 | D:6      | Reached skill level 5 in Armour
  7758 | D:6      | Reached skill level 5 in Dodging
  7758 | D:6      | Reached skill level 5 in Stealth
  7758 | D:6      | Reached skill level 5 in Shields
  7758 | D:6      | Reached skill level 5 in Unarmed Combat
  7758 | D:6      | Reached skill level 5 in Evocations
  7758 | D:6      | Reached XP level 10. HP: 80/82 MP: 13/18
  7864 | D:7      | Killed Maggie
  8007 | D:7      | Noticed Dowan
  8013 | D:7      | Killed Dowan
  8074 | D:7      | Reached skill level 9 in Fighting
  8213 | D:7      | Found Kuruocar's Assorted Antiques.
  8545 | D:7      | Killed Duvessa
  8764 | D:7      | Identified 3 scrolls of acquirement
  9037 | D:8      | Found a shimmering altar of Xom.
  9037 | D:8      | Found a shimmering altar of Xom.
  9037 | D:8      | Found a shimmering altar of Xom.
  9037 | D:8      | Found a shimmering altar of Xom.
  9037 | D:8      | Found a shimmering altar of Xom.
  9278 | Temple   | Fell from the grace of Ignis
  9282 | Temple   | Became a worshipper of Makhleb the Destroyer
  9610 | D:8      | Learned a level 5 spell: Plasma Beam
 10164 | D:8      | Reached skill level 5 in Conjurations
 10164 | D:8      | Reached skill level 5 in Hexes
 10164 | D:8      | Reached skill level 5 in Summonings
 10164 | D:8      | Reached skill level 5 in Necromancy
 10164 | D:8      | Reached skill level 5 in Translocations
 10164 | D:8      | Reached skill level 5 in Transmutations
 10164 | D:8      | Reached skill level 5 in Ice Magic
 10164 | D:8      | Reached skill level 5 in Air Magic
 10164 | D:8      | Reached skill level 5 in Earth Magic
 10164 | D:8      | Reached skill level 5 in Poison Magic
 10284 | D:8      | Reached XP level 11. HP: 69/85 MP: 16/21
 10383 | D:9      | Acquired the +2 pair of boots of Xienaoc {SInv}
 10410 | D:9      | You fall into a shaft and drop 2 floors!
 10435 | D:10     | Entered Level 10 of the Dungeon
 10446 | D:10     | Found a radiant altar of Vehumet.
 10447 | D:10     | Found a glowing golden altar of the Shining One.
 10447 | D:10     | Found a shadowy altar of Dithmenos.
 10448 | D:10     | Found a shimmering blue altar of Sif Muna.
 10629 | D:9      | Reached skill level 10 in Fighting
 10629 | D:9      | Reached * piety under Makhleb
 10874 | D:9      | HP: 6/136 [fire elemental[the fiery vengeance of Ignis]
                  | (2)]
 10875 | D:9      | Slain by a fire elemental

Illustrated notes

Levels and vault maps discovered:
D:1:      onia_arrival_mini_maze_b, layout_basic
D:2:      layout_basic, uniq_jessica
D:3:      layout_basic, moated_statue
D:4:      layout_loops_ring, grunt_temple_overflow_open, serial_bayou,
          serial_bayou_pond_e, serial_bayou_shore_b, serial_bayou_lake_a,
          serial_bayou_lagoon_b, minmay_manual_mandibuliform,
          uniq_crazy_yiuf_cottage, uniq_pikel
D:5:      layout_loops_cross, serial_shops, shop, serial_demonic,
          serial_demonic_f, serial_demonic_c, serial_demonic_b,
          serial_demonic_c, serial_demonic_c, kennysheep_small_square,
          uniq_prince_ribbit1
D:6:      kennysheep_six_static_rooms, layout_rooms, minmay_temple_entry_glass,
          minmay_bent
D:7:      layout_rooms, serial_shops, nicolae_shop_statue_plus,
          chequers_serial_rivers_micro_e, uniq_maggie, uniq_duvessa
D:8:      nicolae_cairo_tiling_very_big, layout_rooms, xom_shifter_show
D:9:      layout_roguey [special_room_bee], nicolae_ru_the_path_less_chosen,
          nicolae_diode_basic
D:10:     layout_layer_cave, nicolae_qazlal_scattered_showers,
          chequers_temple_overflow_statue_of_worship, lair_entry_dummy,
          nicolae_trove_entry_crystal, grunt_decor_fettered
D:11:     layout_grid_maze, uniq_fannar, uniq_urug
Temple:   nicolae_temple_no_exploring_needed

Skill      XL: |  1  2  3  4  5  6  7  8  9 10 11 |
---------------+----------------------------------+-----
Long Blades    | 1 2 3 4 5 6 |  6.2
Axes           | 1 2 3 4 5 6 |  6.2
Maces & Flails | 1 2 3 4 5 6 |  6.2
Polearms       | 1 2 3 4 5 6 |  6.2
Staves         | 1 2 3 4 5 6 |  6.2
Ranged Weapons | 1 2 3 4 5 6 |  6.2
Throwing       | 1 2 3 4 5 6 |  6.2
Armour         | 1 2 3 4 5 6 |  6.2
Dodging        | 1 2 3 4 5 6 |  6.2
Stealth        | 1 2 3 4 5 6 |  6.2
Shields        | 1 2 3 4 5 6 |  6.2
Unarmed Combat | 1 2 3 4 5 6 |  6.2
Invocations    | 1 2 3 4 5 6 |  6.8
Evocations     | 1 2 3 4 5 6 |  6.2
Spellcasting   | 3 4 5 6 |  6.9
Conjurations   | 1 2 3 4 5 |  5.1
Hexes          | 1 2 3 4 5 |  5.1
Summonings     | 1 2 3 4 5 |  5.1
Necromancy     | 1 2 3 4 5 |  5.1
Translocations | 1 2 3 4 5 |  5.1
Transmutations | 1 2 3 4 5 |  5.1
Ice Magic      | 1 2 3 4 5 |  5.1
Air Magic      | 1 2 3 4 5 |  5.1
Earth Magic    | 1 2 3 4 5 |  5.1
Poison Magic   | 1 2 3 4 5 |  5.1
Fighting       | 7 8 9 10 | 10.2
Short Blades   | 7 8 9 |  9.1
Fire Magic     | 6 7 |  7.6

Action                     |  1- 3 |  4- 6 |  7- 9 | 10-12 || total
---------------------------+-------+-------+-------+-------++-------
  Melee: Short sword       |    68 |   111 |   289 |       ||   468
         Bite              |     8 |    14 |    26 |    29 ||    77
         Punch             |     1 |     3 |     9 |     9 ||    22
         Spear             |       |       |    22 |   237 ||   259
         Unarmed           |       |       |     1 |       ||     1
   Cast: Scorch            |    11 |    48 |   118 |    94 ||   271
         Gell's Gravitas   |       |       |     4 |     5 ||     9
         Static Discharge  |       |       |     4 |       ||     4
         Teleport Other    |       |       |     2 |     2 ||     4
         Plasma Beam       |       |       |       |     2 ||     2
 Invoke: Foxfire Swarm     |     1 |     1 |     1 |     4 ||     7
         Fiery Armour      |       |       |     2 |       ||     2
         Renounce Religion |       |       |       |     1 ||     1
    Use: Scroll            |       |     4 |     2 |    11 ||    17
         Potion            |       |     1 |     1 |     3 ||     5
   Stab: Sleeping          |       |     1 |       |       ||     1
 Armour: Robe              |     3 |       |       |       ||     3
         Leather armour    |     8 |    41 |   121 |     9 ||   179
         Skin              |       |       |    30 |    19 ||    49
         Acid dragon scale |       |       |       |   186 ||   186
  Dodge: Dodged            |    32 |    55 |   249 |   212 ||   548

Table legend: (Time is in decaauts)
 A = Elapsed time spent in this place.
 B = Non-inter-level travel time spent in this place.
 C = Inter-level travel time spent in this place.
 D = Time resting spent in this place.
 E = Time spent auto-exploring this place.
 F = Levels seen in this place.
 G = Mean time per level.
                   A        B        C        D        E       F      G
               +--------+--------+--------+--------+--------+-----+--------+
         Total |  10896 |  10050 |    846 |   3246 |   3557 |  12 |  908.0 |
       Dungeon |  10780 |   9944 |    836 |   3169 |   3557 |  11 |  980.0 |
        Temple |    116 |    106 |     10 |     77 |      0 |   1 |  116.0 |
               +--------+--------+--------+--------+--------+-----+--------+

Top non-repeatable levels by time:
     D:6: 2329 daAuts
     D:4: 1478 daAuts
     D:5: 1250 daAuts
     D:1: 1158 daAuts
     D:8: 1138 daAuts
     D:2: 1061 daAuts
     D:3: 971 daAuts
     D:7: 859 daAuts
     D:9: 473 daAuts
  Temple: 116 daAuts
    D:10: 34 daAuts
    D:11: 24 daAuts
